 Dungeon Crawl Stone Soup version 0.29.0-4-gdea44cf6ec (webtiles) character file.

Game seed: 5543378765261767340

78799 qw the Warrior (level 15, -10/149 HPs)
             Began as a Minotaur Berserker on Sept 5, 2022.
             Was a High Priest of Trog.
             Mangled by Rupert
             ... wielding a +3 vorpal battleaxe
              (19 damage)
             ... on level 15 of the Dungeon.
             The game lasted 00:08:01 (27071 turns).

qw the Warrior (Minotaur Berserker)                Turns: 27071, Time: 00:08:01

Health: -10/149    AC: 31    Str: 28    XL:     15   Next: 19%
Magic:  12/12      EV: 10    Int:  4    God:    Trog [*****.]
Gold:   686        SH:  6    Dex: 11    Spells: 14/14 levels left

rFire   + . .      SeeInvis .   Y - +2 war axe (vamp)
rCold   . . .      Faith    .   r - +0 buckler
rNeg    . . .      Spirit   .   a - +2 plate armour
rPois   +          Reflect  .   (helmet unavailable)
rElec   .          Harm     .   p - +1 cloak {rPois}
rCorr   .          Rampage  .   q - +2 pair of gloves
Will    ++...                   b - +2 pair of boots
Stlth   ..........              (no amulet)
HPRegen 0.34/turn               g - +4 ring of slaying {mikee}
MPRegen 0.13/turn               c - ring of protection from fire

@: no status effects
A: horns 3, retaliatory headbutt, iridescent scales 1, low MP 1, strong-willed 1
a: Renounce Religion, Berserk, Trog's Hand, Brothers in Arms


You were on level 15 of the Dungeon.
You worshipped Trog.
Trog was extremely pleased with you.
You visited 2 branches of the dungeon, and saw 20 of its levels.
You also visited: Sewer.

You collected 1855 gold pieces.
You spent 1169 gold pieces at shops.


Innate Abilities, Weirdness & Mutations

You have a pair of large horns on your head.
You reflexively headbutt those who attack you in melee.
You are partially covered in iridescent scales. (AC +2)
Your magical capacity is low. (-10% MP)
You are strong-willed. (Will+)


   Skills:
 - Level 17.8 Fighting
 - Level 16.0 Axes
 - Level 10.0 Throwing
 - Level 16.0 Armour
 - Level 7.0 Dodging
 + Level 8.6 Shields


You had 14 spell levels left.
You didn't know any spells.
Your spell library was empty.

Inventory:

Hand Weapons
 n - a +3 flail
 A - the +5 war axe of Qoestei {drain, rF+ Will++ rCorr Int-5}
   (You found it on level 14 of the Dungeon)

   A truly terrible weapon, it drains the life of any living foe it strikes.
   Int:       It affects your intelligence (-5).
   rF:        It protects you from fire.
   rCorr:     It protects you from acid and corrosion.
   Will:      It greatly increases your willpower.
 Y - a +2 vampiric war axe (weapon)
Missiles
 d - a boomerang (quivered)
 y - a silver javelin
Armour
 a - a +2 plate armour (worn)
 b - a +2 pair of boots (worn)
 p - a +1 cloak of poison resistance (worn)
 q - a +2 pair of gloves (worn)
 r - a +0 buckler (worn)
 t - a +2 cloak
 x - the +4 scale mail of Boijiddi {rF+}
   (You bought it in a shop on level 13 of the Dungeon)

   rF:        It protects you from fire.
 B - a +2 pair of gloves
Jewellery
 c - a ring of protection from fire (right hand)
 g - a +4 ring of slaying (left hand) {mikee}
 j - a ring of positive energy
 o - a ring of protection from fire
 v - a ring of resist corrosion
 w - a ring of protection from cold
Scrolls
 h - 7 scrolls of teleportation
 l - 2 scrolls of brand weapon
 u - 18 scrolls of identify
Potions
 e - 3 potions of heal wounds
 f - 5 potions of mutation
 i - a potion of resistance
 k - 11 potions of curing
 m - 4 potions of might
 s - a potion of haste
 z - 2 potions of cancellation

Dungeon Overview and Level Annotations

Branches:
Dungeon (15/15)            Temple (0/1) D:7            Lair (5/5) D:10
  Swamp (0/4) Lair:2        Snake (0/4) Lair:3        Slime (0/5) Lair:4
    Orc (0/2) D:9          Vaults (0/5) D:13          Sewer (visited)
 Depths: D:15

Altars:
Dithmenos
Fedhas
Makhleb
Nemelex Xobeh
Sif Muna
Trog
Zin
Jiyva

Shops:
D:3 =   D:6 !   D:13 [

Portals:
Hell: Lair:5

Annotations:
D:10 3 runed translucent doors, qw's ghost, journeyman MiFi
D:13 1 runed translucent door, Xyoprad's ghost, journeyman FoFi
D:15 Rupert


Message History

Enter note: You swing at nothing.
You swing at nothing.
You swing at nothing.
You swing at nothing.
You swing at nothing.
You hear a shout!
You closely miss something. Your headbutt misses something. Something hits you.
Something hits you!
You slash something!
You feel better. Something hits you.
You barely miss something. Something hits you!
You hit something. Something hits you!
You slash something!
You feel better.
You headbutt something! You block something's attack.
You hit something.
You feel better. Something hits you!
You barely miss something. Something hits you!
You slash something! Something hits you but does no damage.
You barely miss something. You headbutt something!! Something hits you.
Something hits you!
You slice something!! Something hits you.
You slash something!
You feel better. Something hits you!!
You slice something!! Your headbutt misses something.
Something hits you but does no damage.
You barely miss something. You headbutt something. Something hits you.
You closely miss something. Something hits you!!
You slice something!!
You feel better. Something hits you!!
You slash something! You headbutt something. Something hits you!!
You die...

####..#.# #.# ........#
#.# .####...#
###.######..
........######...........
.#####..................#
###########.######## #.#
#.# #@# #...{.# #####.#
#.. ###


There were no monsters in sight!

Vanquished Creatures
  A stone giant (D:11)
  A dire elephant (Lair:5)
  A yaktaur captain (D:13)
  2 boulder beetles
  4 hydras
  3 centaur warriors
  A death knight (D:14)
  2 ogre magi
  11 two-headed ogres
  3 death yaks (Lair:5)
  A tengu warrior (D:14)
  A sun demon (Lair:5)
  A skeletal warrior (D:14)
  2 phantasmal warriors (D:14)
  A lindwurm (Lair:5)
  A bog body (Lair:2)
  An orc knight (D:14)
  2 wizards
  A deep elf pyromancer (D:12)
  19 ugly things
  5 cyclopes
  10 elephants
  5 manticores
  A salamander (shapeshifter) (D:14)
  5 black mambas
  A torpor snail (Lair:2)
  A smoke demon (Lair:5)
  4 rime drakes
  An orange demon (Lair:5)
  11 cane toads
  An unseen horror (D:10)
  14 komodo dragons
  2 yaktaurs (D:13)
  An ice devil (Lair:5)
  A tengu conjurer (D:15)
  3 red devils (Lair:5)
  3 trolls
  2 polar bears
  15 slime creatures
  3 dream sheep
  24 blink frogs
  A vampire (D:14)
  4 wraiths
  2 shadows
  A centaur simulacrum (D:14)
  42 yaks
  5 wyverns
  2 steam dragons
  4 basilisks
  5 vampire mosquitoes
  3 swamp worms (Lair:2)
  4 nagas (Lair:3)
  13 water moccasins
  3 acid dragons
  5 hell hounds (Lair:5)
  3 orc warriors
  2 sky beasts
  An ice beast (D:5)
  4 black bears
  4 ogres
  3 centaurs
  14 wolves
  5 kobold brigands
  13 bullfrogs
  2 scorpions
  8 wights
  4 killer bees (D:8)
  4 howler monkeys
  3 electric eels
  2 jellies
  A gnoll bouda (D:6)
  9 orc priests
  2 hounds (D:6)
  12 iguanas
  13 orc wizards
  6 hell rats (Lair:2)
  13 gnolls
  11 adders
  5 river rats (Sewer)
  2 ufetubi
  A worm (D:3)
  30 orcs
  5 bats
  7 endoplasms
  7 giant cockroaches
  7 hobgoblins
  11 jackals
  4 quokkas
  10 ball pythons
  19 frilled lizards
  7 goblins
  A goblin zombie (D:6)
  20 kobolds
  12 rats
  A rat zombie (D:6)
  A butterfly (Lair:2)
555 creatures vanquished.

Vanquished Creatures (collateral kills)
  A boulder beetle (D:12)
  A cane toad (Lair:4)
  An iguana (Lair:4)
3 creatures vanquished.

Vanquished Creatures (others)
  An ufetubus (D:7)
  35 fungi
  65 plants
101 creatures vanquished.

Grand Total: 659 creatures vanquished

Notes
Turn   | Place    | Note
-------+----------+-------------------------------------------
     0 | D:1      | qw the Minotaur Berserker began the quest for the Orb.
     0 | D:1      | Reached XP level 1. HP: 19/19 MP: 0/0
     0 | D:1      | 0 ||| qw: Version: 0.1-a-104-g96f76f8
     0 | D:1      | 0 ||| qw: Game counter: 5903
     0 | D:1      | 0 ||| qw: Always use a shield: true
     0 | D:1      | 0 ||| qw: Do Orc after D:15 true
     0 | D:1      | 0 ||| qw: Do second Lair branch before Depths: true
     0 | D:1      | 0 ||| qw: Lair rune preference: random
     0 | D:1      | 0 ||| qw: Plans: Normal
     0 | D:1      | 0 ||| PLANNING D:1-11
   141 | D:1      | Reached XP level 2. HP: 23/26 MP: 1/1
   290 | D:1      | 290 ||| Stepping ~*~*~tactically~*~*~ (stealth).
   356 | D:1      | 356 ||| Stepping ~*~*~tactically~*~*~ (stealth).
   400 | D:1      | Reached ** piety under Trog
   406 | D:1      | 406 ||| Stepping ~*~*~tactically~*~*~ (stealth).
   433 | D:1      | Reached XP level 3. HP: 31/31 MP: 2/2
   752 | D:1      | 752 ||| UPGRADING to +4 ring of slaying {mikee}.
   753 | D:1      | 753 ||| READING 2 scrolls labelled KUIPEU VIEMUIQ.
   754 | D:1      | 754 ||| READING scroll labelled TYCVIXKIUBB.
   755 | D:1      | 755 ||| READING scroll labelled IMUUTOMAUPU.
   756 | D:1      | 756 ||| READING scroll labelled XAJ CARCHIULLORR.
   757 | D:1      | 757 ||| READING scroll labelled OBIOHA TARAEL.
   758 | D:1      | 758 ||| DRINKING 2 purple potions.
   825 | D:2      | Found a blossoming altar of Fedhas.
   874 | D:2      | 874 ||| Stepping ~*~*~tactically~*~*~ (hiding).
   878 | D:2      | 878 ||| INVOKING Berserk.
   886 | D:2      | Reached skill level 6 in Axes
   886 | D:2      | Reached XP level 4. HP: 38/39 MP: 3/3
  1225 | D:2      | Found a faded altar of an unknown god.
  1391 | D:2      | 1391 ||| Stepping ~*~*~tactically~*~*~ (stealth).
  1393 | D:2      | 1393 ||| Stepping ~*~*~tactically~*~*~ (stealth).
  1535 | D:2      | 1535 ||| UPGRADING to +0 leather armour.
  1545 | D:2      | 1545 ||| DROPPING +0 animal skin.
  1546 | D:2      | 1546 ||| UPGRADING to +0 chain mail.
  1556 | D:2      | 1556 ||| DROPPING +0 leather armour.
  1557 | D:2      | 1557 ||| UPGRADING to +0 ice dragon scales.
  1567 | D:2      | 1567 ||| UPGRADING to +0 pair of gloves.
  1572 | D:2      | 1572 ||| READING 2 scrolls of enchant armour.
  1572 | D:2      | 1572 ||| ENCHANTING +0 pair of gloves.
  1573 | D:2      | 1573 ||| READING scroll of enchant armour.
  1573 | D:2      | 1573 ||| ENCHANTING +1 pair of gloves.
  1574 | D:2      | 1574 ||| READING 2 scrolls labelled UBBIFUU WOUFYE.
  1578 | D:2      | 1578 ||| READING scroll labelled VEOTRU AFYLOIX.
  1653 | D:3      | 1653 ||| Stepping ~*~*~tactically~*~*~ (stealth).
  1654 | D:3      | 1654 ||| Stepping ~*~*~tactically~*~*~ (stealth).
  1693 | D:3      | 1693 ||| Stepping ~*~*~tactically~*~*~ (stealth).
  1946 | D:3      | Reached *** piety under Trog
  2064 | D:3      | Found Meimy's Jewellery Shoppe.
  2072 | D:3      | 2072 ||| SHOPLISTING +4 ring of evasion (360 gold, have
                  | 183).
  2072 | D:3      | 2072 ||| SHOPLISTING +6 ring of dexterity (360 gold, have
                  | 183).
  2072 | D:3      | 2072 ||| SHOPLISTING +6 ring of strength (360 gold, have
                  | 183).
  2072 | D:3      | 2072 ||| SHOPLISTING amulet of guardian spirit (300 gold,
                  | have 183).
  2072 | D:3      | 2072 ||| SHOPLISTING amulet of reflection (300 gold, have
                  | 183).
  2422 | D:3      | Found a sparkling altar of Nemelex Xobeh.
  2422 | D:3      | Found a bloodstained altar of Trog.
  2474 | D:3      | 2474 ||| READING 2 scrolls labelled ZUOMET DUZISUALI.
  2475 | D:3      | 2475 ||| READING scroll of enchant weapon.
  2475 | D:3      | 2475 ||| ENCHANTING +1 hand axe.
  2476 | D:3      | 2476 ||| READING 3 scrolls labelled ETAOWI LIFA.
  2477 | D:3      | 2477 ||| DROPPING 2 scrolls of vulnerability.
  2680 | D:4      | Reached XP level 5. HP: 45/45 MP: 4/4
  2783 | D:4      | 2783 ||| READING scroll of enchant weapon.
  2783 | D:4      | 2783 ||| ENCHANTING +2 hand axe.
  2813 | D:4      | Reached skill level 4 in Fighting
  2830 | D:4      | Noticed a black bear
  2834 | D:4      | 2834 ||| INVOKING Berserk.
  2835 | D:4      | Killed a black bear
  3134 | D:4      | Reached XP level 6. HP: 52/52 MP: 5/5
  3389 | D:4      | 3389 ||| UPGRADING to +0 pair of boots.
  3394 | D:4      | 3394 ||| READING scroll labelled QIWOJEATAXT.
  3395 | D:4      | 3395 ||| DRINKING 2 dark potions.
  3396 | D:4      | 3396 ||| DRINKING 2 golden potions.
  3501 | D:4      | 3501 ||| DROPPING potion of degeneration.
  3502 | D:4      | 3502 ||| DROPPING potion of berserk rage.
  3514 | D:5      | Entered Level 5 of the Dungeon
  3542 | D:5      | 3542 ||| Stepping ~*~*~tactically~*~*~ (stealth).
  3556 | D:5      | 3556 ||| INVOKING Berserk.
  3559 | D:5      | Reached skill level 3 in Armour
  3857 | D:5      | Noticed an ice beast
  3861 | D:5      | Killed an ice beast
  3862 | D:5      | Reached skill level 9 in Axes
  3862 | D:5      | Reached XP level 7. HP: 59/59 MP: 6/6
  3887 | D:5      | Identified the +8 rapier of the Brewing Gods {spect, rElec
                  | Will+ SInv}
  3890 | D:5      | 3890 ||| Stepping ~*~*~tactically~*~*~ (stealth).
  3915 | D:5      | 3915 ||| INVOKING Berserk.
  3921 | D:5      | Reached skill level 5 in Fighting
  3991 | D:5      | 3991 ||| DROPPING +0 whip.
  4328 | D:5      | 4328 ||| DROPPING amulet of magic regeneration.
  4329 | D:5      | 4329 ||| UPGRADING to ring of positive energy.
  4330 | D:5      | 4330 ||| READING scroll labelled WEM GIHUSIVI.
  4331 | D:5      | 4331 ||| READING scroll labelled NAEWNA BIMAM.
  4332 | D:5      | 4332 ||| READING 2 scrolls of identify.
  4332 | D:5      | 4332 ||| IDENTIFYING puce potion
  4333 | D:5      | 4333 ||| DROPPING potion of ambrosia.
  4338 | D:6      | 4338 ||| PLANNING SEWER
  4352 | D:6      | 4352 ||| INVOKING Berserk.
  4355 | D:6      | HP: 20/91 [gnoll/+1 halberd of flaming[a gnoll bouda] (7)]
  4359 | D:6      | HP: 9/91 [gnoll/+0 spear[a gnoll bouda] (5)]
  4716 | D:6      | Found a sand-covered staircase.
  4748 | D:6      | Reached skill level 1 in Throwing
  4807 | D:6      | 4807 ||| READING scroll of enchant armour.
  4807 | D:6      | 4807 ||| ENCHANTING +0 pair of boots.
  4884 | D:6      | Found a glowing drain.
  4893 | Sewer    | Entered a sewer
  4937 | Sewer    | 4937 ||| Stepping ~*~*~tactically~*~*~ (water).
  4952 | Sewer    | Reached **** piety under Trog
  4959 | Sewer    | 4959 ||| Stepping ~*~*~tactically~*~*~ (stealth).
  4960 | Sewer    | 4960 ||| Stepping ~*~*~tactically~*~*~ (stealth).
  4992 | Sewer    | 4992 ||| Stepping ~*~*~tactically~*~*~ (water).
  5240 | Sewer    | 5240 ||| Stepping ~*~*~tactically~*~*~ (water).
  5272 | Sewer    | Reached skill level 6 in Fighting
  5272 | Sewer    | Reached XP level 8. HP: 71/71 MP: 7/7
  5440 | Sewer    | 5440 ||| RIP OSSUARY
  5440 | Sewer    | 5440 ||| DRINKING 3 bubbling amethyst potions.
  5440 | Sewer    | Gained mutation: Your magical capacity is low. (-10% MP)
                  | [potion of mutation]
  5440 | Sewer    | Gained mutation: You are partially covered in iridescent
                  | scales. (AC +2) [potion of mutation]
  5440 | Sewer    | Gained mutation: You have a pair of large horns on your
                  | head. [potion of mutation]
  5440 | Sewer    | Gained mutation: You are strong-willed. (Will+) [potion of
                  | mutation]
  5441 | Sewer    | 5441 ||| DRINKING 3 smoky white potions.
  5445 | D:6      | 5445 ||| RIP OSSUARY
  5446 | D:6      | 5446 ||| PLANNING D:1-11
  5873 | D:6      | Found Qeggeeq's Distillery.
  5879 | D:6      | 5879 ||| BUYING 2 potions of heal wounds (140 gold).
  5879 | D:6      | Bought 2 potions of heal wounds for 140 gold pieces
  5879 | D:6      | 5879 ||| BUYING potion of curing (42 gold).
  5879 | D:6      | Bought a potion of curing for 42 gold pieces
  5879 | D:6      | 5879 ||| BUYING potion of curing (42 gold).
  5879 | D:6      | Bought a potion of curing for 42 gold pieces
  5879 | D:6      | 5879 ||| BUYING potion of heal wounds (70 gold).
  5879 | D:6      | Bought a potion of heal wounds for 70 gold pieces
  5879 | D:6      | 5879 ||| SHOPLISTING potion of might (56 gold, have 50).
  5945 | D:6      | 5945 ||| READING scroll of enchant weapon.
  5945 | D:6      | 5945 ||| ENCHANTING +3 hand axe.
  6164 | D:6      | 6164 ||| Stepping ~*~*~tactically~*~*~ (stealth).
  6439 | D:7      | Found a staircase to the Ecumenical Temple.
  6443 | D:7      | 6443 ||| STAIRDANCE
  6448 | D:7      | 6448 ||| STAIRDANCE
  6475 | D:7      | 6475 ||| INVOKING Berserk.
  6511 | D:7      | Noticed a cyclops
  6512 | D:7      | 6512 ||| FLEEEEING.
  6513 | D:7      | 6513 ||| FLEEEEING.
  6514 | D:7      | 6514 ||| STAIRDANCE
  6540 | D:7      | 6540 ||| STAIRDANCE
  6542 | D:6      | 6542 ||| INVOKING Berserk.
  6545 | D:6      | Killed a cyclops
  6546 | D:6      | Reached skill level 12 in Axes
  6644 | D:7      | 6644 ||| STAIRDANCE
  6663 | D:7      | Reached XP level 9. HP: 77/77 MP: 7/7
  6668 | D:7      | 6668 ||| INVOKING Berserk.
  6772 | D:7      | 6772 ||| Stepping ~*~*~tactically~*~*~ (stealth).
  6795 | D:7      | Reached skill level 7 in Fighting
  6907 | D:7      | 6907 ||| INVOKING Berserk.
  7094 | D:7      | 7094 ||| READING scroll of enchant weapon.
  7094 | D:7      | 7094 ||| ENCHANTING +4 hand axe.
  7329 | D:7      | 7329 ||| UPGRADING to ring of protection from fire.
  7331 | D:7      | 7331 ||| DRINKING 3 grey potions.
  7332 | D:7      | 7332 ||| DRINKING 2 bubbling silvery potions.
  7333 | D:7      | 7333 ||| DRINKING 2 gluggy blue potions.
  7334 | D:7      | 7334 ||| READING 3 scrolls of identify.
  7334 | D:7      | 7334 ||| IDENTIFYING lumpy ruby potion
  7335 | D:7      | 7335 ||| READING 2 scrolls of identify.
  7335 | D:7      | 7335 ||| IDENTIFYING orange potion
  7336 | D:7      | 7336 ||| DROPPING 2 potions of brilliance.
  7337 | D:7      | 7337 ||| DROPPING potion of magic.
  7338 | D:7      | 7338 ||| DROPPING potion of attraction.
  7352 | D:8      | 7352 ||| Stepping ~*~*~tactically~*~*~ (hiding).
  7354 | D:8      | Reached skill level 3 in Dodging
  7354 | D:8      | 7354 ||| INVOKING Berserk.
  7467 | D:8      | 7467 ||| SWAPPING to +5 hand axe of electrocution.
  7468 | D:8      | 7468 ||| DROPPING +5 hand axe.
  7491 | D:8      | 7491 ||| INVOKING Berserk.
  7500 | D:8      | Reached skill level 8 in Fighting
  7652 | D:8      | Found a shimmering blue altar of Sif Muna.
  7788 | D:8      | 7788 ||| Stepping ~*~*~tactically~*~*~ (stealth).
  7883 | D:8      | Found a burning altar of Makhleb.
  7973 | D:8      | Reached skill level 6 in Armour
  7985 | D:8      | 7985 ||| INVOKING Berserk.
  7994 | D:8      | Reached XP level 10. HP: 90/90 MP: 8/8
  8046 | D:8      | 8046 ||| DROPPING +0 flail.
  8307 | D:8      | 8307 ||| SWAPPING to +0 war axe.
  8334 | D:8      | 8334 ||| DROPPING +5 hand axe of electrocution.
  8435 | D:8      | 8435 ||| READING scroll labelled CEPLAOLAEB.
  8436 | D:8      | 8436 ||| READING 3 scrolls of identify.
  8436 | D:8      | 8436 ||| IDENTIFYING fuming golden potion
  8452 | D:9      | 8452 ||| INVOKING Berserk.
  8591 | D:9      | 8591 ||| INVOKING Berserk.
  8756 | D:9      | 8756 ||| INVOKING Berserk.
  9005 | D:9      | 9005 ||| FLEEEEING.
  9009 | D:9      | 9009 ||| FLEEEEING.
  9010 | D:9      | 9010 ||| FLEEEEING.
  9011 | D:9      | 9011 ||| FLEEEEING.
  9012 | D:9      | 9012 ||| FLEEEEING.
  9013 | D:9      | 9013 ||| FLEEEEING.
  9014 | D:9      | 9014 ||| STAIRDANCE
  9125 | D:8      | 9125 ||| UPGRADING to +0 plate armour.
  9135 | D:8      | 9135 ||| DROPPING +0 chain mail.
  9359 | D:9      | 9359 ||| INVOKING Berserk.
  9401 | D:9      | 9401 ||| Stepping ~*~*~tactically~*~*~ (stealth).
  9403 | D:9      | 9403 ||| Stepping ~*~*~tactically~*~*~ (stealth).
  9407 | D:9      | 9407 ||| FLEEEEING.
  9408 | D:9      | 9408 ||| FLEEEEING.
  9409 | D:9      | 9409 ||| FLEEEEING.
  9410 | D:9      | 9410 ||| FLEEEEING.
  9411 | D:9      | 9411 ||| FLEEEEING.
  9412 | D:9      | 9412 ||| FLEEEEING.
  9413 | D:9      | 9413 ||| FLEEEEING.
  9414 | D:9      | 9414 ||| FLEEEEING.
  9415 | D:9      | 9415 ||| FLEEEEING.
  9416 | D:9      | 9416 ||| FLEEEEING.
  9417 | D:9      | 9417 ||| FLEEEEING.
  9418 | D:9      | 9418 ||| FLEEEEING.
  9421 | D:9      | 9421 ||| FLEEEEING.
  9422 | D:9      | 9422 ||| FLEEEEING.
  9436 | D:9      | 9436 ||| FLEEEEING.
  9437 | D:9      | 9437 ||| FLEEEEING.
  9438 | D:9      | 9438 ||| FLEEEEING.
  9439 | D:9      | 9439 ||| FLEEEEING.
  9440 | D:9      | 9440 ||| FLEEEEING.
  9441 | D:9      | 9441 ||| FLEEEEING.
  9442 | D:9      | 9442 ||| FLEEEEING.
  9443 | D:9      | 9443 ||| FLEEEEING.
  9444 | D:9      | 9444 ||| FLEEEEING.
  9445 | D:9      | 9445 ||| FLEEEEING.
  9446 | D:9      | 9446 ||| FLEEEEING.
  9447 | D:9      | 9447 ||| STAIRDANCE
  9510 | D:9      | 9510 ||| STAIRDANCE
  9595 | D:9      | 9595 ||| Stepping ~*~*~tactically~*~*~ (stealth).
  9651 | D:9      | Reached skill level 15 in Axes
  9653 | D:9      | Reached skill level 9 in Fighting
  9782 | D:9      | Found a staircase to the Orcish Mines.
  9797 | D:9      | 9797 ||| INVOKING Berserk.
 10293 | D:10     | Entered Level 10 of the Dungeon
 10308 | D:10     | 10308 ||| INVOKING Berserk.
 10398 | D:10     | 10398 ||| Stepping ~*~*~tactically~*~*~ (stealth).
 10400 | D:10     | 10400 ||| Stepping ~*~*~tactically~*~*~ (stealth).
 10401 | D:10     | 10401 ||| Stepping ~*~*~tactically~*~*~ (stealth).
 10490 | D:10     | Reached skill level 10 in Fighting
 10532 | D:10     | 10532 ||| Stepping ~*~*~tactically~*~*~ (stealth).
 10533 | D:10     | 10533 ||| Stepping ~*~*~tactically~*~*~ (stealth).
 10535 | D:10     | 10535 ||| Stepping ~*~*~tactically~*~*~ (stealth).
 10655 | D:10     | 10655 ||| DROPPING +2 vorpal flail.
 10668 | D:10     | 10668 ||| Stepping ~*~*~tactically~*~*~ (hiding).
 10670 | D:10     | 10670 ||| Stepping ~*~*~tactically~*~*~ (hiding).
 10828 | D:10     | Reached XP level 11. HP: 80/99 MP: 8/8
 10922 | D:10     | 10922 ||| Stepping ~*~*~tactically~*~*~ (stealth).
 10924 | D:10     | 10924 ||| Stepping ~*~*~tactically~*~*~ (stealth).
 10936 | D:10     | Reached skill level 9 in Armour
 10949 | D:10     | Found a runed translucent gate.
 10949 | D:10     | Found a runed translucent gate.
 10949 | D:10     | Found a runed translucent gate.
 10986 | D:10     | Noticed qw's ghost (journeyman MiFi)
 11030 | D:10     | Found a staircase to the Lair.
 11178 | D:10     | Found a glowing silver altar of Zin.
 11211 | D:10     | 11211 ||| READING 3 scrolls labelled PINEGROISA.
 11212 | D:10     | 11212 ||| PLANNING LAIR
 11237 | Lair:1   | Entered Level 1 of the Lair of Beasts
 11239 | Lair:1   | 11239 ||| INVOKING Berserk.
 11409 | Lair:1   | 11409 ||| Stepping ~*~*~tactically~*~*~ (stealth).
 11410 | Lair:1   | 11410 ||| INVOKING Berserk.
 11465 | Lair:1   | 11465 ||| Stepping ~*~*~tactically~*~*~ (stealth).
 11466 | Lair:1   | 11466 ||| Stepping ~*~*~tactically~*~*~ (stealth).
 11474 | Lair:1   | Reached skill level 11 in Fighting
 11650 | Lair:1   | 11650 ||| INVOKING Berserk.
 11861 | Lair:1   | 11861 ||| Stepping ~*~*~tactically~*~*~ (stealth).
 11862 | Lair:1   | 11862 ||| Stepping ~*~*~tactically~*~*~ (stealth).
 11863 | Lair:1   | 11863 ||| INVOKING Berserk.
 12044 | Lair:1   | 12044 ||| Stepping ~*~*~tactically~*~*~ (hiding).
 12183 | Lair:1   | Reached ***** piety under Trog
 12184 | Lair:1   | Reached skill level 12 in Fighting
 12381 | Lair:1   | 12381 ||| Stepping ~*~*~tactically~*~*~ (stealth).
 12384 | Lair:1   | Reached skill level 3 in Throwing
 12385 | Lair:1   | 12385 ||| Stepping ~*~*~tactically~*~*~ (stealth).
 12392 | Lair:1   | 12392 ||| INVOKING Berserk.
 12842 | Lair:1   | 12842 ||| READING 9 scrolls of identify.
 12842 | Lair:1   | 12842 ||| IDENTIFYING green potion
 12843 | Lair:1   | 12843 ||| DROPPING potion of invisibility.
 12904 | Lair:2   | 12904 ||| Stepping ~*~*~tactically~*~*~ (stealth).
 12906 | Lair:2   | 12906 ||| Stepping ~*~*~tactically~*~*~ (stealth).
 12959 | Lair:2   | Noticed a five-headed hydra
 12960 | Lair:2   | 12960 ||| Stepping ~*~*~tactically~*~*~ (stealth).
 12961 | Lair:2   | 12961 ||| INVOKING Berserk.
 12971 | Lair:2   | 12971 ||| INVOKING Brothers in Arms.
 12972 | Lair:2   | 12972 ||| SWAPPING to +3 flail.
 12973 | Lair:2   | Killed a seven-headed hydra
 12974 | Lair:2   | 12974 ||| SWAPPING to +0 vampiric war axe.
 12989 | Lair:2   | HP: 24/104 [blink frog (9)]
 12990 | Lair:2   | 12990 ||| DRINKING 4 potions of heal wounds.
 12992 | Lair:2   | Reached skill level 6 in Throwing
 12996 | Lair:2   | Reached XP level 12. HP: 59/112 MP: 9/9
 13027 | Lair:2   | 13027 ||| FLEEEEING.
 13028 | Lair:2   | 13028 ||| FLEEEEING.
 13029 | Lair:2   | 13029 ||| FLEEEEING.
 13030 | Lair:2   | 13030 ||| FLEEEEING.
 13031 | Lair:2   | 13031 ||| FLEEEEING.
 13039 | Lair:2   | 13039 ||| FLEEEEING.
 13040 | Lair:2   | 13040 ||| FLEEEEING.
 13041 | Lair:2   | 13041 ||| FLEEEEING.
 13042 | Lair:2   | 13042 ||| FLEEEEING.
 13043 | Lair:2   | 13043 ||| FLEEEEING.
 13046 | Lair:2   | 13046 ||| FLEEEEING.
 13047 | Lair:2   | 13047 ||| FLEEEEING.
 13048 | Lair:2   | 13048 ||| FLEEEEING.
 13049 | Lair:2   | 13049 ||| FLEEEEING.
 13050 | Lair:2   | 13050 ||| FLEEEEING.
 13051 | Lair:2   | 13051 ||| FLEEEEING.
 13052 | Lair:2   | 13052 ||| FLEEEEING.
 13053 | Lair:2   | 13053 ||| FLEEEEING.
 13054 | Lair:2   | 13054 ||| FLEEEEING.
 13055 | Lair:2   | 13055 ||| FLEEEEING.
 13056 | Lair:2   | 13056 ||| FLEEEEING.
 13062 | Lair:2   | 13062 ||| FLEEEEING.
 13063 | Lair:2   | 13063 ||| FLEEEEING.
 13064 | Lair:2   | 13064 ||| FLEEEEING.
 13065 | Lair:2   | 13065 ||| STAIRDANCE
 13203 | Lair:2   | 13203 ||| Stepping ~*~*~tactically~*~*~ (hiding).
 13209 | Lair:2   | 13209 ||| DRINKING potion of cancellation.
 13245 | Lair:2   | 13245 ||| Stepping ~*~*~tactically~*~*~ (hiding).
 13250 | Lair:2   | 13250 ||| INVOKING Berserk.
 13398 | Lair:2   | 13398 ||| Stepping ~*~*~tactically~*~*~ (stealth).
 13399 | Lair:2   | 13399 ||| Stepping ~*~*~tactically~*~*~ (stealth).
 13404 | Lair:2   | 13404 ||| INVOKING Berserk.
 13477 | Lair:2   | 13477 ||| FLEEEEING.
 13478 | Lair:2   | 13478 ||| FLEEEEING.
 13482 | Lair:2   | 13482 ||| FLEEEEING.
 13483 | Lair:2   | 13483 ||| FLEEEEING.
 13484 | Lair:2   | 13484 ||| Stepping ~*~*~tactically~*~*~ (stealth).
 13485 | Lair:2   | 13485 ||| FLEEEEING.
 13486 | Lair:2   | 13486 ||| FLEEEEING.
 13487 | Lair:2   | 13487 ||| FLEEEEING.
 13489 | Lair:2   | 13489 ||| FLEEEEING.
 13490 | Lair:2   | 13490 ||| Stepping ~*~*~tactically~*~*~ (stealth).
 13491 | Lair:2   | 13491 ||| FLEEEEING.
 13493 | Lair:2   | 13493 ||| INVOKING Berserk.
 13576 | Lair:2   | 13576 ||| Stepping ~*~*~tactically~*~*~ (stealth).
 13584 | Lair:2   | 13584 ||| INVOKING Berserk.
 13631 | Lair:2   | 13631 ||| Stepping ~*~*~tactically~*~*~ (stealth).
 13633 | Lair:2   | 13633 ||| Stepping ~*~*~tactically~*~*~ (stealth).
 13741 | Lair:2   | 13741 ||| FLEEEEING.
 13742 | Lair:2   | 13742 ||| FLEEEEING.
 13746 | Lair:2   | 13746 ||| FLEEEEING.
 13747 | Lair:2   | 13747 ||| FLEEEEING.
 13748 | Lair:2   | 13748 ||| FLEEEEING.
 13749 | Lair:2   | 13749 ||| FLEEEEING.
 13752 | Lair:2   | 13752 ||| FLEEEEING.
 13753 | Lair:2   | 13753 ||| FLEEEEING.
 13754 | Lair:2   | 13754 ||| FLEEEEING.
 13755 | Lair:2   | 13755 ||| FLEEEEING.
 13756 | Lair:2   | 13756 ||| FLEEEEING.
 13757 | Lair:2   | 13757 ||| FLEEEEING.
 13759 | Lair:2   | 13759 ||| FLEEEEING.
 13760 | Lair:2   | 13760 ||| FLEEEEING.
 13761 | Lair:2   | 13761 ||| FLEEEEING.
 13762 | Lair:2   | 13762 ||| FLEEEEING.
 13763 | Lair:2   | 13763 ||| FLEEEEING.
 13764 | Lair:2   | 13764 ||| FLEEEEING.
 13767 | Lair:2   | 13767 ||| FLEEEEING.
 13768 | Lair:2   | 13768 ||| FLEEEEING.
 13769 | Lair:2   | 13769 ||| FLEEEEING.
 13770 | Lair:2   | 13770 ||| STAIRDANCE
 13827 | Lair:2   | 13827 ||| STAIRDANCE
 13829 | Lair:2   | 13829 ||| STAIRDANCE
 13896 | Lair:2   | 13896 ||| INVOKING Berserk.
 14087 | Lair:2   | 14087 ||| INVOKING Berserk.
 14337 | Lair:2   | 14337 ||| Stepping ~*~*~tactically~*~*~ (stealth).
 14340 | Lair:2   | 14340 ||| Stepping ~*~*~tactically~*~*~ (stealth).
 14343 | Lair:2   | 14343 ||| INVOKING Berserk.
 14354 | Lair:2   | Reached skill level 13 in Fighting
 14633 | Lair:2   | 14633 ||| Stepping ~*~*~tactically~*~*~ (hiding).
 14635 | Lair:2   | 14635 ||| INVOKING Berserk.
 14778 | Lair:2   | Found a staircase to the Swamp.
 14780 | Lair:2   | 14780 ||| INVOKING Berserk.
 14952 | Lair:2   | 14952 ||| Stepping ~*~*~tactically~*~*~ (stealth).
 14954 | Lair:2   | 14954 ||| Stepping ~*~*~tactically~*~*~ (stealth).
 14956 | Lair:2   | 14956 ||| Stepping ~*~*~tactically~*~*~ (stealth).
 14957 | Lair:2   | 14957 ||| Stepping ~*~*~tactically~*~*~ (stealth).
 14962 | Lair:2   | 14962 ||| Stepping ~*~*~tactically~*~*~ (stealth).
 14963 | Lair:2   | 14963 ||| Stepping ~*~*~tactically~*~*~ (stealth).
 14964 | Lair:2   | 14964 ||| Stepping ~*~*~tactically~*~*~ (stealth).
 15273 | Lair:3   | 15273 ||| INVOKING Berserk.
 15276 | Lair:3   | Reached skill level 12 in Armour
 15307 | Lair:3   | Noticed an eight-headed hydra
 15308 | Lair:3   | 15308 ||| FLEEEEING.
 15359 | Lair:3   | 15359 ||| Stepping ~*~*~tactically~*~*~ (hiding).
 15485 | Lair:3   | Found a staircase to the Snake Pit.
 15783 | Lair:3   | 15783 ||| Stepping ~*~*~tactically~*~*~ (stealth).
 15787 | Lair:3   | 15787 ||| Stepping ~*~*~tactically~*~*~ (stealth).
 15789 | Lair:3   | 15789 ||| Stepping ~*~*~tactically~*~*~ (stealth).
 15791 | Lair:3   | 15791 ||| Stepping ~*~*~tactically~*~*~ (stealth).
 15800 | Lair:3   | 15800 ||| INVOKING Berserk.
 15810 | Lair:3   | HP: 28/115 [poisoned by a cane toad]
 15855 | Lair:3   | 15855 ||| INVOKING Brothers in Arms.
 15856 | Lair:3   | 15856 ||| INVOKING Brothers in Arms.
 15857 | Lair:3   | 15857 ||| INVOKING Brothers in Arms.
 15858 | Lair:3   | 15858 ||| INVOKING Brothers in Arms.
 15859 | Lair:3   | 15859 ||| INVOKING Brothers in Arms.
 15860 | Lair:3   | 15860 ||| SWAPPING to +3 flail.
 15861 | Lair:3   | 15861 ||| INVOKING Berserk.
 15864 | Lair:3   | HP: 43/172 [eight-headed hydra (1)]
 15866 | Lair:3   | Killed an eight-headed hydra
 16160 | Lair:3   | 16160 ||| SWAPPING to +0 vampiric war axe.
 16344 | Lair:3   | 16344 ||| DROPPING ring of magical power.
 16361 | Lair:4   | 16361 ||| PLANNING GAUNTLET
 16365 | Lair:4   | Reached skill level 14 in Fighting
 16460 | Lair:4   | 16460 ||| INVOKING Berserk.
 16598 | Lair:4   | 16598 ||| Stepping ~*~*~tactically~*~*~ (stealth).
 16599 | Lair:4   | 16599 ||| INVOKING Berserk.
 16616 | Lair:4   | 16616 ||| FLEEEEING.
 16620 | Lair:4   | 16620 ||| Stepping ~*~*~tactically~*~*~ (stealth).
 16625 | Lair:4   | 16625 ||| Stepping ~*~*~tactically~*~*~ (stealth).
 16639 | Lair:4   | 16639 ||| FLEEEEING.
 16772 | Lair:4   | 16772 ||| RIP GAUNTLET
 16776 | Lair:4   | 16776 ||| PLANNING LAIR
 16780 | Lair:4   | 16780 ||| READING scroll of enchant weapon.
 16780 | Lair:4   | 16780 ||| ENCHANTING +0 vampiric war axe.
 16824 | Lair:4   | 16824 ||| INVOKING Berserk.
 16842 | Lair:4   | 16842 ||| Stepping ~*~*~tactically~*~*~ (water).
 16854 | Lair:4   | 16854 ||| Stepping ~*~*~tactically~*~*~ (stealth).
 16861 | Lair:4   | 16861 ||| FLEEEEING.
 16866 | Lair:4   | Reached skill level 6 in Dodging
 16870 | Lair:4   | 16870 ||| Stepping ~*~*~tactically~*~*~ (water).
 16939 | Lair:4   | 16939 ||| Stepping ~*~*~tactically~*~*~ (stealth).
 16941 | Lair:4   | 16941 ||| Stepping ~*~*~tactically~*~*~ (stealth).
 16959 | Lair:4   | 16959 ||| INVOKING Berserk.
 17132 | Lair:4   | Noticed a boulder beetle
 17136 | Lair:4   | 17136 ||| INVOKING Berserk.
 17142 | Lair:4   | Killed a boulder beetle
 17143 | Lair:4   | Reached XP level 13. HP: 124/124 MP: 10/10
 17338 | Lair:4   | 17338 ||| Stepping ~*~*~tactically~*~*~ (stealth).
 17414 | Lair:4   | 17414 ||| INVOKING Brothers in Arms.
 17415 | Lair:4   | 17415 ||| INVOKING Brothers in Arms.
 17417 | Lair:4   | 17417 ||| SWAPPING to +3 flail.
 17418 | Lair:4   | 17418 ||| INVOKING Berserk.
 17423 | Lair:4   | 17423 ||| SWAPPING to +1 vampiric war axe.
 17564 | Lair:4   | 17564 ||| INVOKING Berserk.
 17978 | Lair:4   | Found a viscous altar of Jiyva.
 17986 | Lair:4   | Found a staircase to the Slime Pits.
 18172 | Lair:4   | 18172 ||| UPGRADING to +0 cloak.
 18196 | Lair:5   | Entered Level 5 of the Lair of Beasts
 18203 | Lair:5   | 18203 ||| STAIRDANCE
 18278 | Lair:5   | Reached skill level 15 in Fighting
 18290 | Lair:5   | 18290 ||| INVOKING Berserk.
 18298 | Lair:5   | 18298 ||| Stepping ~*~*~tactically~*~*~ (stealth).
 18387 | Lair:5   | 18387 ||| INVOKING Berserk.
 18396 | Lair:5   | 18396 ||| SWAPPING to +3 flail.
 18401 | Lair:5   | 18401 ||| SWAPPING to +1 vampiric war axe.
 18407 | Lair:5   | HP: 31/126 [komodo dragon (20)]
 18407 | Lair:5   | HP: 10/126 [komodo dragon (21)]
 18408 | Lair:5   | 18408 ||| READING 7 scrolls of teleportation.
 18408 | Lair:5   | HP: 2/126 [blink frog (9)]
 18409 | Lair:5   | 18409 ||| DRINKING 4 potions of heal wounds.
 18477 | Lair:5   | 18477 ||| FLEEEEING.
 18709 | Lair:5   | 18709 ||| Stepping ~*~*~tactically~*~*~ (stealth).
 18711 | Lair:5   | 18711 ||| Stepping ~*~*~tactically~*~*~ (stealth).
 18989 | Lair:5   | Noticed a dire elephant
 18990 | Lair:5   | 18990 ||| Stepping ~*~*~tactically~*~*~ (stealth).
 18995 | Lair:5   | 18995 ||| INVOKING Berserk.
 19002 | Lair:5   | Killed a dire elephant
 19143 | Lair:5   | 19143 ||| Stepping ~*~*~tactically~*~*~ (hiding).
 19209 | Lair:5   | 19209 ||| Stepping ~*~*~tactically~*~*~ (hiding).
 19212 | Lair:5   | 19212 ||| INVOKING Trog's Hand.
 19215 | Lair:5   | 19215 ||| Stepping ~*~*~tactically~*~*~ (hiding).
 19216 | Lair:5   | 19216 ||| Stepping ~*~*~tactically~*~*~ (hiding).
 19326 | Lair:5   | Found a burning altar of Makhleb.
 19327 | Lair:5   | 19327 ||| Stepping ~*~*~tactically~*~*~ (hiding).
 19328 | Lair:5   | 19328 ||| Stepping ~*~*~tactically~*~*~ (hiding).
 19331 | Lair:5   | 19331 ||| INVOKING Berserk.
 19333 | Lair:5   | Reached skill level 15 in Armour
 19359 | Lair:5   | HP: 24/127 [red devil/+0 vampiric demon trident (10)]
 19360 | Lair:5   | 19360 ||| READING 6 scrolls of teleportation.
 19361 | Lair:5   | 19361 ||| DRINKING 3 potions of heal wounds.
 19642 | Lair:5   | 19642 ||| INVOKING Berserk.
 19785 | Lair:5   | 19785 ||| Stepping ~*~*~tactically~*~*~ (stealth).
 19786 | Lair:5   | 19786 ||| Stepping ~*~*~tactically~*~*~ (stealth).
 19798 | Lair:5   | 19798 ||| INVOKING Berserk.
 19807 | Lair:5   | Reached skill level 16 in Fighting
 19932 | Lair:5   | 19932 ||| INVOKING Berserk.
 20185 | Lair:5   | 20185 ||| INVOKING Berserk.
 20319 | Lair:5   | 20319 ||| READING scroll of enchant armour.
 20319 | Lair:5   | 20319 ||| ENCHANTING +1 pair of boots.
 20514 | Lair:5   | 20514 ||| INVOKING Berserk.
 20667 | Lair:5   | Found a gateway to Hell.
 20676 | Lair:5   | 20676 ||| DROPPING +0 pair of gloves of infusion.
 20677 | Lair:5   | 20677 ||| PLANNING D:1-11
 20677 | Lair:5   | 20677 ||| DRINKING 2 fizzy coppery potions.
 20693 | Lair:5   | 20693 ||| READING 14 scrolls of identify.
 20693 | Lair:5   | 20693 ||| IDENTIFYING amethyst potion
 20694 | Lair:5   | 20694 ||| DROPPING potion of lignification.
 20698 | Lair:5   | 20698 ||| DROPPING potion of flight.
 20874 | D:11     | Reached XP level 14. HP: 138/138 MP: 11/11
 20946 | D:11     | Noticed a stone giant
 20947 | D:11     | 20947 ||| READING 5 scrolls of teleportation.
 20948 | D:11     | 20948 ||| FLEEEEING.
 20949 | D:11     | 20949 ||| FLEEEEING.
 20971 | D:11     | 20971 ||| INVOKING Berserk.
 20975 | D:11     | Killed a stone giant
 21507 | D:11     | You fall into a shaft and drop 2 floors!
 21698 | D:13     | Found a runed translucent door.
 21699 | D:13     | Noticed Xyoprad's ghost (journeyman FoFi)
 21777 | D:13     | 21777 ||| Stepping ~*~*~tactically~*~*~ (hiding).
 21780 | D:13     | 21780 ||| Stepping ~*~*~tactically~*~*~ (hiding).
 21801 | D:13     | 21801 ||| Stepping ~*~*~tactically~*~*~ (hiding).
 21806 | D:13     | 21806 ||| INVOKING Berserk.
 21806 | D:13     | HP: 45/207 [yaktaur/bolt (19)]
 21813 | D:13     | HP: 48/207 [yaktaur (1)]
 22145 | D:13     | Found a gate to the Vaults.
 22163 | D:13     | 22163 ||| READING scroll of enchant armour.
 22163 | D:13     | 22163 ||| ENCHANTING +0 cloak.
 22309 | D:13     | Found Coemihuf's Armour Shoppe.
 22322 | D:12     | Reached skill level 9 in Throwing
 22325 | D:12     | Reached skill level 17 in Fighting
 22360 | D:12     | 22360 ||| Stepping ~*~*~tactically~*~*~ (hiding).
 22361 | D:12     | 22361 ||| Stepping ~*~*~tactically~*~*~ (hiding).
 22602 | D:11     | 22602 ||| READING 3 scrolls of enchant armour.
 22602 | D:11     | 22602 ||| ENCHANTING +1 cloak.
 22603 | D:11     | 22603 ||| READING 2 scrolls of enchant armour.
 22603 | D:11     | 22603 ||| ENCHANTING +0 plate armour.
 22604 | D:11     | 22604 ||| READING scroll of enchant armour.
 22604 | D:11     | 22604 ||| ENCHANTING +1 plate armour.
 22840 | D:11     | 22840 ||| Stepping ~*~*~tactically~*~*~ (stealth).
 22842 | D:11     | 22842 ||| Stepping ~*~*~tactically~*~*~ (hiding).
 22849 | D:11     | 22849 ||| Stepping ~*~*~tactically~*~*~ (hiding).
 23098 | D:11     | 23098 ||| PLANNING D
 23098 | D:11     | 23098 ||| DROPPING +0 ice dragon scales.
 23314 | D:12     | 23314 ||| Stepping ~*~*~tactically~*~*~ (stealth).
 23316 | D:12     | 23316 ||| Stepping ~*~*~tactically~*~*~ (stealth).
 23325 | D:12     | 23325 ||| INVOKING Berserk.
 23454 | D:12     | 23454 ||| READING scroll of enchant weapon.
 23454 | D:12     | 23454 ||| ENCHANTING +1 vampiric war axe.
 23508 | D:12     | 23508 ||| INVOKING Brothers in Arms.
 23509 | D:12     | 23509 ||| INVOKING Berserk.
 23666 | D:12     | 23666 ||| Stepping ~*~*~tactically~*~*~ (hiding).
 23923 | D:12     | 23923 ||| DROPPING ring of fire.
 24030 | D:13     | 24030 ||| BUYING +1 cloak of poison resistance (229 gold).
 24030 | D:13     | Bought a +1 cloak of poison resistance for 229 gold pieces
 24030 | D:13     | 24030 ||| BUYING +4 scale mail of Boijiddi {rF+} (646
                  | gold).
 24030 | D:13     | Bought the +4 scale mail of Boijiddi {rF+} for 646 gold
                  | pieces
 24213 | D:13     | 24213 ||| Stepping ~*~*~tactically~*~*~ (stealth).
 24835 | D:13     | 24835 ||| UPGRADING to +1 cloak of poison resistance.
 24907 | D:14     | 24907 ||| Stepping ~*~*~tactically~*~*~ (stealth).
 24910 | D:14     | 24910 ||| Stepping ~*~*~tactically~*~*~ (stealth).
 25014 | D:14     | 25014 ||| Stepping ~*~*~tactically~*~*~ (hiding).
 25092 | D:14     | 25092 ||| Stepping ~*~*~tactically~*~*~ (stealth).
 25094 | D:14     | 25094 ||| Stepping ~*~*~tactically~*~*~ (hiding).
 25104 | D:14     | 25104 ||| INVOKING Berserk.
 25104 | D:14     | HP: 43/210 [phantasmal warrior[a death knight] (17)]
 25437 | D:14     | 25437 ||| INVOKING Trog's Hand.
 25497 | D:14     | 25497 ||| Stepping ~*~*~tactically~*~*~ (hiding).
 25550 | D:14     | Found a shadowy altar of Dithmenos.
 25551 | D:14     | 25551 ||| Stepping ~*~*~tactically~*~*~ (stealth).
 25554 | D:14     | 25554 ||| Stepping ~*~*~tactically~*~*~ (stealth).
 25563 | D:14     | 25563 ||| FLEEEEING.
 25564 | D:14     | 25564 ||| FLEEEEING.
 25565 | D:14     | 25565 ||| FLEEEEING.
 25566 | D:14     | 25566 ||| FLEEEEING.
 25567 | D:14     | 25567 ||| FLEEEEING.
 25568 | D:14     | 25568 ||| FLEEEEING.
 25569 | D:14     | 25569 ||| FLEEEEING.
 25570 | D:14     | 25570 ||| FLEEEEING.
 25571 | D:14     | 25571 ||| FLEEEEING.
 25572 | D:14     | 25572 ||| FLEEEEING.
 25573 | D:14     | 25573 ||| FLEEEEING.
 25574 | D:14     | 25574 ||| FLEEEEING.
 25575 | D:14     | 25575 ||| FLEEEEING.
 25576 | D:14     | 25576 ||| FLEEEEING.
 25706 | D:14     | Identified the +5 war axe of Qoestei {drain, rF+ Will++
                  | rCorr Int-5}
 25718 | D:14     | 25718 ||| Stepping ~*~*~tactically~*~*~ (hiding).
 25719 | D:14     | 25719 ||| Stepping ~*~*~tactically~*~*~ (hiding).
 25721 | D:14     | 25721 ||| Stepping ~*~*~tactically~*~*~ (hiding).
 25723 | D:14     | 25723 ||| Stepping ~*~*~tactically~*~*~ (hiding).
 25724 | D:14     | 25724 ||| Stepping ~*~*~tactically~*~*~ (hiding).
 25740 | D:14     | 25740 ||| Stepping ~*~*~tactically~*~*~ (hiding).
 25743 | D:14     | 25743 ||| INVOKING Berserk.
 26211 | D:14     | 26211 ||| UPGRADING to +0 buckler.
 26262 | D:15     | Entered Level 15 of the Dungeon
 26263 | D:15     | 26263 ||| STAIRDANCE
 26269 | D:15     | 26269 ||| STAIRDANCE
 26273 | D:14     | Reached skill level 1 in Shields
 26275 | D:15     | 26275 ||| STAIRDANCE
 26277 | D:14     | 26277 ||| INVOKING Trog's Hand.
 26278 | D:14     | 26278 ||| INVOKING Berserk.
 26387 | D:15     | 26387 ||| STAIRDANCE
 26392 | D:14     | Reached skill level 3 in Shields
 26398 | D:15     | 26398 ||| STAIRDANCE
 26536 | D:15     | 26536 ||| Stepping ~*~*~tactically~*~*~ (stealth).
 26543 | D:15     | 26543 ||| INVOKING Berserk.
 26664 | D:15     | Reached XP level 15. HP: 141/149 MP: 12/12
 26664 | D:15     | 26664 ||| FLEEEEING.
 26665 | D:15     | 26665 ||| FLEEEEING.
 26671 | D:15     | Reached skill level 6 in Shields
 26681 | D:15     | 26681 ||| FLEEEEING.
 26737 | D:15     | 26737 ||| Stepping ~*~*~tactically~*~*~ (hiding).
 26738 | D:15     | 26738 ||| Stepping ~*~*~tactically~*~*~ (hiding).
 26739 | D:15     | 26739 ||| Stepping ~*~*~tactically~*~*~ (hiding).
 26755 | D:15     | 26755 ||| FLEEEEING.
 26835 | D:15     | 26835 ||| Stepping ~*~*~tactically~*~*~ (stealth).
 26840 | D:15     | 26840 ||| Stepping ~*~*~tactically~*~*~ (stealth).
 26841 | D:15     | 26841 ||| INVOKING Berserk.
 26842 | D:15     | Received a gift from Trog
 27026 | D:15     | 27026 ||| DROPPING +4 whip.
 27050 | D:15     | Noticed Rupert
 27068 | D:15     | HP: 37/149 [something (2)]
 27069 | D:15     | HP: 17/149 [something (20)]
 27071 | D:15     | Mangled by Rupert

Levels and vault maps discovered:
D:1:      nzn_arrival_water_spiral, layout_loops_ring
D:2:      layout_basic, dreamdust_ecumenical_altar_statues, basic_altar
D:3:      layout_basic, gammafunk_temple_overflow_statue, serial_shops, shop
D:4:      layout_basic
D:5:      layout_loops_ring
D:6:      layout_layer_cave, serial_shops, kennysheep_little_box,
          portal_sewer_entry_d, enter_ossuary_4, minivault_5
D:7:      layout_rooms, minmay_temple_entry_statues_fountains
D:8:      layout_basic, mainiacjoe_overflow_paths,
          nicolae_sif_muna_condensation, nrook_mini_vaults, serial_park_tiny_2
D:9:      layout_gridville, orc_0_dummy
D:10:     layout_cave_pools, kennysheep_mini, lair_entry_dummy,
          gammafunk_ghost_necromancy, st_stairs_9, amcnicky_mini_pool_small
D:11:     layout_grid_maze, kennysheep_just_a_vault
D:12:     layout_gridville, dreamdust_mushroom_princess,
          onia_ninara_dug_in_and_dangerous
D:13:     layout_layer_cave, david_vaults_2, gammafunk_ghost_grave,
          nicolae_stop_n_shop_2
D:14:     layout_irregular_city, grunt_dithmenos_shadows
D:15:     grunt_enter_depths_magical_seal, layout_loops_ring,
          hangedman_decor_push, uniq_rupert
Lair:1:   layout_cave_pods, minivault_23, hibernation_bobbens,
          grunt_megastairs_1
Lair:2:   layout_loops_ring, nicolae_swamp_entry_splash_gauntlet,
          serial_bayou_pond_a, grunt_megastairs_2, serial_bayou_shore_b,
          lemuel_fruit_fields
Lair:3:   layout_roguey, minmay_snake_entry_guardpost_medium,
          serial_bayou_shore_a
Lair:4:   lemuel_reptile_caves, layout_regular_city, dpeg_slime_entry_corner,
          gauntlet_entry_generic
Lair:5:   evil_forest, layout_long_grid, serial_bayou_pond_d,
          chequers_serial_rivers_micro_b, serial_bayou_pond_e,
          serial_bayou_shore_b, lemuel_fruit_fields

Skill      XL: |  1  2  3  4  5  6  7  8  9 10 11 12 13 14 15 |
---------------+----------------------------------------------+-----
Axes           | 4 5 6 7 9 10 12 14 16 | 16.0
Fighting       | 4 6 8 10 12 14 16 17 | 17.8
Armour         | 3 4 6 8 10 12 15 16 | 16.0
Throwing       | 1 6 7 10 | 10.0
Dodging        | 3 4 6 7 |  7.0
Shields        | 5 8 |  8.6

Action                   |  1- 3 |  4- 6 |  7- 9 | 10-12 | 13-15 || total
-------------------------+-------+-------+-------+-------+-------++-------
Melee: Hand axe          |    49 |    60 |   161 |       |       ||   270
       Headbutt          |     8 |    12 |    27 |    87 |   148 ||   282
       Punch             |     1 |     1 |     2 |     2 |     4 ||    10
       War axe           |       |       |       |   415 |   520 ||   935
       Flail             |       |       |       |     6 |     4 ||    10
Throw: Boomerang         |    37 |    68 |    68 |    68 |   117 ||   358
       Javelin           |       |       |       |    62 |    37 ||    99
Invok: Berserk           |     1 |     2 |     9 |    29 |    20 ||    61
       Brothers in Arms  |       |       |       |     2 |     2 ||     4
       Trog's Hand       |       |       |       |       |     3 ||     3
  Use: Scroll            |     5 |     9 |     8 |     5 |    10 ||    37
       Potion            |     1 |     2 |     5 |     2 |     3 ||    13
 Stab: Distracted        |       |       |       |       |     1 ||     1
Armor: Animal skin       |     4 |       |       |       |       ||     4
       Ice dragon scales |       |    19 |    56 |     8 |       ||    83
       Plate armour      |       |       |       |   185 |   259 ||   444
Dodge: Dodged            |    23 |    17 |    76 |   121 |   161 ||   398
Block: Buckler           |       |       |       |       |    13 ||    13

Table legend:
 A = Non-vault XP
 B = Vault XP
 C = Vault XP percentage of total XP
 D = Non-vault monster count
 E = Vault monster count
 F = Vault count percentage of total count
                 A         B        C        D         E       F
            +---------+---------+-------+---------+---------+-------
      Total |   91918 |   20652 |  18.3 |     440 |     117 |  21.0
            +---------+---------+-------+---------+---------+-------
        D:1 |      53 |       0 |   0.0 |      31 |       0 |   0.0
        D:2 |      80 |       0 |   0.0 |      17 |       0 |   0.0
        D:3 |      59 |       0 |   0.0 |      20 |       0 |   0.0
        D:4 |     191 |       0 |   0.0 |       8 |       0 |   0.0
        D:5 |     501 |       0 |   0.0 |      18 |       0 |   0.0
        D:6 |    1239 |      16 |   1.3 |      26 |       3 |  10.3
        D:7 |    1294 |       0 |   0.0 |      13 |       0 |   0.0
        D:8 |    2125 |       0 |   0.0 |      29 |       0 |   0.0
        D:9 |    3395 |       0 |   0.0 |      32 |       0 |   0.0
       D:10 |    2557 |     197 |   7.2 |      21 |       2 |   8.7
       D:11 |    3615 |    1145 |  24.1 |      11 |       1 |   8.3
       D:12 |    7277 |       0 |   0.0 |      16 |       0 |   0.0
       D:13 |    6312 |    1585 |  20.1 |      14 |       3 |  17.6
       D:14 |   12891 |     228 |   1.7 |      32 |       1 |   3.0
       D:15 |   15815 |       0 |   0.0 |      28 |       0 |   0.0
     Lair:1 |    5562 |    2054 |  27.0 |      27 |       7 |  20.6
     Lair:2 |    8313 |    2490 |  23.0 |      31 |      10 |  24.4
     Lair:3 |    2222 |     646 |  22.5 |       7 |       4 |  36.4
     Lair:4 |    8151 |    2334 |  22.3 |      23 |      31 |  57.4
     Lair:5 |   10266 |    9707 |  48.6 |      36 |      26 |  41.9
      Sewer |       0 |     250 | 100.0 |       0 |      29 | 100.0
            +---------+---------+-------+---------+---------+-------
